 Dungeon Crawl Stone Soup version 0.27-a0-29-g2d0a2396b0 (webtiles) character file.

Game seed: 13320453227108476401

58 hehateme the Magician (level 4, -1/24 HPs)
             Began as a Kobold Hedge Wizard on Jan 4, 2021.
             Slain by an adder (2 damage)
             ... on level 3 of the Dungeon.
             The game lasted 00:04:15 (3661 turns).

hehateme the Magician (Kobold Hedge Wizard)         Turns: 3661, Time: 00:04:16

Health: -1/24      AC:  2    Str:  8    XL:     4   Next: 20%
Magic:  1/9        EV: 15    Int: 15    God:
Gold:   148        SH:  4    Dex: 14    Spells: 7/10 levels left

rFire    . . .     SeeInvis .   a - +0 dagger
rCold    . . .     Faith    .   (shield restricted)
rNeg     . . .     Spirit   .   b - +0 robe
rPois    .         Reflect  .   c - +0 hat
rElec    .         Harm     .   (no cloak)
rCorr    .         Rampage  .   (no gloves)
Will     .....                  (no boots)
Stlth    +++.......             (no amulet)
HPRegen  0.48/turn              (no ring)
MPRegen  0.11/turn              (no ring)

@: lethally poisoned (-1 -> -2), flying, very slightly contaminated
A: small, large bone plates 1, nightstalker 3, regeneration 1
a: no special abilities


You were on level 3 of the Dungeon.
You visited 1 branch of the dungeon, and saw 3 of its levels.

You collected 148 gold pieces.

Inventory:

Hand Weapons
 a - a +0 dagger (weapon)
Missiles
 e - 21 sling bullets
 n - 14 poisoned darts
 Q - 43 stones
Armour
 b - a +0 robe (worn)
 c - a +0 hat (worn)
 p - a +0 pair of boots
Jewellery
 i - an uncursed ring of protection from fire {unknown}
Scrolls
 d - 2 scrolls of identify {unknown}
 k - 4 scrolls of teleportation {unknown}
 l - a scroll of magic mapping {unknown}
 m - a scroll of fear {unknown}
 o - a scroll of enchant armour {unknown}
Potions
 f - a potion of degeneration {unknown}
 g - a potion of cancellation {unknown}
 h - a potion of haste {unknown}


   Skills:
 - Level 2.4 Dodging
 - Level 2.6 Stealth
 + Level 3.9 Spellcasting
 + Level 2.1 Conjurations
 + Level 2.2 Summonings
 - Level 1.0 Translocations


You had 7 spell levels left.
You knew the following spells:

 Your Spells              Type           Power        Failure   Level
a - Magic Dart            Conj           36%          8%          1
c - Call Imp              Summ           9%           11%         2

Your spell library contained the following spells:

 Spells                   Type           Power        Failure   Level
 Blink                    Tloc           N/A          19%         2
 Slow                     Hex            2%           28%         2
 Conjure Flame            Conj/Fire      6%           34%         3
 Mephitic Cloud           Conj/Pois/Air  5%           38%         3


Dungeon Overview and Level Annotations

Branches:
Dungeon (3/15)

Altars:
Fedhas
Nemelex Xobeh

Annotations:
D:1 exclusion: 2 jackals


Innate Abilities, Weirdness & Mutations

You are small and have problems with some larger weapons.
You are completely attuned to the shadows.
You are partially covered in large bone plates. (SH +4)
Your natural rate of healing is unusually fast.


Message History

You take 4 damage, and have 5/24 hp.
You now have 1/9 mp.
Aim: an adder (severely wounded, 0% to evade)
The magic dart hits the adder.
* * * LOW MAGIC WARNING * * *
* * * LOW HITPOINT WARNING * * *
You feel sick. The adder completely misses you. The adder barely misses you.
You take 1 damage, and have 4/24 hp.
It was a potion of flight.
You feel very buoyant.
You fly up into the air.
* * * LOW HITPOINT WARNING * * *
You feel sick. The adder bites you.
* * * LOW HITPOINT WARNING * * *
You take 3 damage, and have 1/24 hp.
It was a potion of mutation.
You feel extremely strange.
You begin to heal more quickly.
Large bone plates grow over parts of your arms.
* * * LOW HITPOINT WARNING * * *
You feel sick. The adder bites you.
You die...

#...........
#....##.....
##...........
#.....##.###+
##.#####.#
.g....#....# ...
.###..#.#####..##
#..#†####..≈≈..
#..#...@S..≈.≈.#
#####..≈_≈≈.#
##..≈.≈≈##
.....≈.≈...
######.....
#.!### #....
...[.# ...#.#

Skill      XL: |  1  2  3 |
---------------+----------+-----
Summonings     | 2 |  2.2
Conjurations   | 2 |  2.1
Dodging        | |  2.4
Stealth        | |  2.6
Spellcasting   | |  3.9
Translocations | |  1.0

Notes
Turn   | Place    | Note
-------+----------+-------------------------------------------
     0 | D:1      | hehateme the Kobold Hedge Wizard began the quest for the
                  | Orb.
     0 | D:1      | Reached XP level 1. HP: 10/10 MP: 4/4
   250 | D:1      | Reached XP level 2. HP: 14/15 MP: 1/6
  1009 | D:1      | Reached XP level 3. HP: 10/19 MP: 8/8
  1985 | D:2      | Reached skill level 2 in Summonings
  2485 | D:2      | Reached skill level 2 in Conjurations
  2667 | D:2      | Learned a level 2 spell: Call Imp
  2733 | D:2      | Found a sparkling altar of Nemelex Xobeh.
  2924 | D:2      | Reached XP level 4. HP: 24/24 MP: 9/9
  3638 | D:3      | Found a blossoming altar of Fedhas.
  3658 | D:3      | HP: 5/24 [adder (3)]
  3660 | D:3      | HP: 1/24 [adder (2)]
  3661 | D:3      | Gained mutation: Your natural rate of healing is unusually
                  | fast. [potion of mutation]
  3661 | D:3      | Gained mutation: You are partially covered in large bone
                  | plates. (SH +4) [potion of mutation]
  3661 | D:3      | Slain by an adder

Table legend: (Time is in decaauts)
 A = Elapsed time spent in this place.
 B = Non-inter-level travel time spent in this place.
 C = Inter-level travel time spent in this place.
 D = Time resting spent in this place.
 E = Time spent auto-exploring this place.
 F = Levels seen in this place.
 G = Mean time per level.
                   A        B        C        D        E       F      G
               +--------+--------+--------+--------+--------+-----+--------+
         Total |   3669 |   3630 |     39 |    934 |   2242 |   3 | 1223.0 |
       Dungeon |   3669 |   3630 |     39 |    934 |   2242 |   3 | 1223.0 |
               +--------+--------+--------+--------+--------+-----+--------+

Top non-repeatable levels by time:
     D:1: 1941 daAuts
     D:2: 1615 daAuts
     D:3: 113 daAuts

Table legend:
 A = Kills in this place as a percentage of kills in entire the game.
 B = Kills by you in this place as a percentage of kills by you in the entire game.
 C = Kills by friends in this place as a percentage of kills by friends in the entire game.
 D = Other kills in this place as a percentage of other kills in the entire game.
 E = Experience gained in this place as a percentage of experience gained in the entire game.
 F = Experience gained in this place divided by the number of levels of this place that you have seen.
                   A       B       C       D       E      F
               +-------+-------+-------+-------+-------+----------------------
         Total | 100.0 | 100.0 |   N/A |   N/A | 100.0 |  27.7
       Dungeon | 100.0 | 100.0 |   N/A |   N/A | 100.0 |  27.7
               +-------+-------+-------+-------+-------+----------------------

Action                   |  1- 3 |  4- 6 || total
-------------------------+-------+-------++-------
Melee: Dagger            |    73 |    26 ||    99
 Cast: Magic Dart        |    97 |    27 ||   124
  Use: Potion            |       |     2 ||     2
 Stab: Sleeping          |     1 |     1 ||     2
Armor: Robe              |    11 |     3 ||    14
Dodge: Dodged            |    75 |    22 ||    97

Vanquished Creatures
  A worm (D:2)
  A dart slug (D:1)
  3 leopard geckos
  An orc (D:2)
  3 giant cockroaches (D:1)
  8 goblins
  6 hobgoblins
  3 jackals (D:1)
  4 kobolds
  5 bats
  4 frilled lizards
  8 rats
47 creatures vanquished.

Vanquished Creatures (others)
  2 plants (D:2)
2 creatures vanquished.

Grand Total: 49 creatures vanquished You could see an adder.

Levels and vault maps discovered:
D:1:      erik_arrival_cave_to_civilisation [erik_arrival_cave_to_hall],
          layout_basic, palyth_stone_intersect
D:2:      layout_loops_ring, nemelex_xobeh_ov_fountains_minmay,
          serial_bayou_pond_c, kennysheep_crisscross
D:3:      layout_basic, zin_angel, fedhas_altar_2
